 Dungeon Crawl Stone Soup version 0.30-a0-43-gbbf338a72c (webtiles) character file.

Game seed: 17070081910611100066

1283 Newt the Cutter (level 8, -1/60 HPs)
             Began as a Demonspawn Gladiator on Aug 31, 2022.
             Was a Follower of Dithmenos.
             Splashed by a jelly's acid (7 damage)
             ... on level 6 of the Dungeon.
             The game lasted 00:05:49 (4964 turns).

Newt the Cutter (Demonspawn Gladiator)              Turns: 4964, Time: 00:05:50

Health: -1/60      AC: -5    Str: 14      XL:     8   Next: 29%
Magic:  0/8        EV: 12    Int: 10 (11) God:    Dithmenos [*.....]
Gold:   223        SH:  4    Dex: 16      Spells: 7/7 levels left

rFire   + . .      SeeInvis .    f - +2 dagger (venom)
rCold   . . .      Faith    .    (no shield)
rNeg    . . .      Spirit   +    i - +0 leather armour
rPois   .          Reflect  .    (no helmet)
rElec   .          Harm     .    (no cloak)
rCorr   .          Rampage  .    (gloves unavailable)
Will    .....      Rage     3%   (no boots)
Stlth   ++++......               j - amulet of guardian spirit
HPRegen 0.20/turn                s - ring of protection from fire
MPRegen 0.11/turn                (no ring)

@: lethally poisoned (-1 -> -11), corroded, wreathed by umbra
A: demonic guardian 1, condensation shield, demonic touch 3, berserk 1,
deterioration 1
a: Renounce Religion


You were on level 6 of the Dungeon.
You worshipped Dithmenos.
Dithmenos was aware of your devotion.
You visited 2 branches of the dungeon, and saw 7 of its levels.

You collected 303 gold pieces.
You spent 80 gold pieces at shops.

Inventory:

Hand Weapons
 a - a +0 rapier
 b - a +0 sling
 f - a +2 dagger of venom (weapon)
Missiles
 d - a throwing net (quivered)
 e - a javelin
 n - 8 boomerangs
 p - 8 poisoned darts
Armour
 c - a +0 helmet
 i - a +0 leather armour (worn)
 l - a +1 pair of gloves
 o - a +2 leather armour of cold resistance
Jewellery
 j - an amulet of guardian spirit (around neck)
 s - a ring of protection from fire (left hand)
 u - a ring of see invisible
Scrolls
 t - a scroll of fear {unknown}
Potions
 g - a potion of might {unknown}
 h - 5 potions of curing
 k - 3 potions of berserk rage
 m - 2 potions of flight
 q - 2 potions of heal wounds {unknown}


   Skills:
 - Level 4.0 Fighting
 + Level 7.1 Short Blades
 - Level 1.7 Throwing
 - Level 2.6 Dodging
 - Level 6.0 Stealth


You had 7 spell levels left.
You didn't know any spells.
Your spell library contained the following spells:

 Spells                   Type           Power      Damage    Failure   Level
 Freeze                   Ice            0%         1d3       43%         1
 Slow                     Hex            0%         N/A       43%         1
 Static Discharge         Conj/Air       0%         3-3/arc   58%         2
 Confusing Touch          Hex            0%         N/A       82%         3
 Frozen Ramparts          Ice            0%         1d1       82%         3
 Vampiric Draining        Necr           0%         2d6       82%         3
 Hailstorm                Conj/Ice       0%         3d3       99%         4
 Lightning Bolt           Conj/Air       0%         1d11      100%        5
 Maxwell's Capacitive Co  Air            0%         ∞         100%        8


Dungeon Overview and Level Annotations

Branches:
Dungeon (6/15)             Temple (1/1) D:4

Altars:
Ashenzari
Cheibriados
Dithmenos
Fedhas
Gozag
Kikubaaqudgha
Nemelex Xobeh
Okawaru
Qazlal
Ru
Trog
Wu Jian
Xom

Shops:
D:3 [   D:4 *


Innate Abilities, Weirdness & Mutations

A weak demonic guardian rushes to your aid.
A meltable shield of frost defends you. (SH +4)
Your touch may irresistibly damage your foes and sap their willpower.
You sometimes lose your temper in combat.
Your body sometimes deteriorates upon taking damage.


Message History

You are more poisoned.
The water moccasin poisons you!
You hit the water moccasin.
You touch the water moccasin!
You sap its willpower!
The water moccasin is heavily wounded.
You feel very sick. The water moccasin barely misses you.
You miss the water moccasin.
You touch the water moccasin!
You sap its willpower!
The water moccasin is almost dead.
You feel very sick. The water moccasin bites you!
You hit the water moccasin but do no damage.
The water moccasin is almost dead.
You feel very sick. The water moccasin bites you.
Unknown command.
You hit the jelly.
Your hands burn!
The jelly is lightly wounded.
* * * LOW HITPOINT WARNING * * *
You feel very sick. The water moccasin bites you.
* * * LOW HITPOINT WARNING * * *
The jelly misses you.
You closely miss the water moccasin.
You touch the water moccasin.
You kill the water moccasin!
Dithmenos accepts your kill.
* * * LOW HITPOINT WARNING * * *
You feel sick.
You feel your dexterity returning.
Your Short Blades skill increases to level 7!
You hit the jelly. The acid corrodes you!
Your hands burn!
* * * LOW HITPOINT WARNING * * *
A demonic guardian appears!
The jelly is heavily wounded.
* * * LOW HITPOINT WARNING * * *
You feel sick. The jelly hits you.
* * * LOW HITPOINT WARNING * * *
The acid corrodes you!
You are splashed with acid!
You die...

###≈. ≈≈#≈. ....
..... ≈...... #≈.≈
≈......
###≈.≈#####≈......
≈≈≈≈.≈≈≈≈≈≈≈......
.........5........
#...@........5
#.!.J.....##
###..#..###
#.(###.# #.# #.#
#. #.# #. #># ..
#.### #...##


You could see a jelly (ally target) and a friendly white imp (summoned).

Vanquished Creatures
  Grinder (D:4)
  Eustachio (D:5)
  A water moccasin (D:6)
  Duvessa (D:4)
  A phantom (D:5)
  A kobold brigand (D:5)
  A scorpion (D:5)
  A necrophage (D:3)
  Dowan (D:4)
  2 orc priests (D:4)
  2 iguanas
  4 orc wizards (D:4)
  3 gnolls (D:5)
  8 adders
  2 white imps (D:5)
  2 worms
  A dart slug (D:5)
  9 orcs
  7 bats
  6 endoplasms
  7 giant cockroaches
  4 goblins
  2 hobgoblins (D:4)
  8 jackals
  10 kobolds
  2 quokkas
  7 ball pythons
  3 frilled lizards
  A rat (D:1)
99 creatures vanquished.

Notes
Turn   | Place    | Note
-------+----------+-------------------------------------------
     0 | D:1      | Newt the Demonspawn Gladiator began the quest for the Orb.
     0 | D:1      | Reached XP level 1. HP: 16/16 MP: 1/1
   104 | D:1      | Reached skill level 1 in Stealth
   255 | D:1      | Gained mutation: Your touch may inflict minor irresistible
                  | damage on your foes. [demonic ancestry]
   255 | D:1      | Reached XP level 2. HP: 21/22 MP: 2/2
   767 | D:2      | Reached skill level 3 in Short Blades
   768 | D:2      | Gained mutation: A weak demonic guardian rushes to your
                  | aid. [demonic ancestry]
   768 | D:2      | Reached XP level 3. HP: 20/27 MP: 3/3
  1131 | D:2      | You fall into a shaft and drop 1 floor!
  1136 | D:3      | Found Jyrhybi's Antique Armour Shop.
  1228 | D:3      | Found a broken altar of Ashenzari.
  1252 | D:3      | Noticed a necrophage
  1266 | D:3      | Killed a necrophage
  1267 | D:3      | Reached skill level 4 in Short Blades
  1267 | D:3      | Gained mutation: Your touch may inflict irresistible damage
                  | on your foes. [demonic ancestry]
  1267 | D:3      | Reached XP level 4. HP: 14/34 MP: 4/4
  1715 | D:3      | Found a blossoming altar of Fedhas.
  1933 | D:4      | Found a staircase to the Ecumenical Temple.
  1956 | Temple   | Entered the Ecumenical Temple
  2129 | Temple   | Became a worshipper of Dithmenos the Shadowed
  2169 | D:4      | Gained mutation: Your touch may irresistibly damage your
                  | foes and sap their willpower. [demonic ancestry]
  2169 | D:4      | Reached XP level 5. HP: 41/41 MP: 5/5
  2542 | D:4      | Noticed Dowan
  2543 | D:4      | Noticed Duvessa
  2549 | D:4      | Killed Dowan
  2562 | D:4      | Killed Duvessa
  2563 | D:4      | Reached XP level 6. HP: 10/48 MP: 6/6
  3163 | D:4      | Noticed Grinder
  3178 | D:4      | Killed Grinder
  3179 | D:4      | Reached XP level 7. HP: 30/54 MP: 3/7
  3383 | D:4      | Found Jivatoni's General Store.
  3431 | D:4      | Bought a potion of mutation for 80 gold pieces
  3557 | D:4      | Gained mutation: Your body sometimes deteriorates upon
                  | taking damage. [potion of mutation]
  3557 | D:4      | Gained mutation: Your mind is acute. (Int +4, Str/Dex -1)
                  | [potion of mutation]
  3557 | D:4      | Gained mutation: You sometimes lose your temper in combat.
                  | [potion of mutation]
  3557 | D:4      | Gained mutation: You have a pair of small horns on your
                  | head. [potion of mutation]
  3558 | D:4      | Lost mutation: You have a pair of small horns on your head.
                  | [potion of mutation]
  3558 | D:4      | Lost mutation: You sometimes lose your temper in combat.
                  | [potion of mutation]
  3558 | D:4      | Lost mutation: Your mind is acute. (Int +4, Str/Dex -1)
                  | [potion of mutation]
  3558 | D:4      | Gained mutation: You sometimes lose your temper in combat.
                  | [potion of mutation]
  3623 | D:5      | Entered Level 5 of the Dungeon
  3628 | D:5      | Noticed Eustachio
  4104 | D:5      | Reached skill level 5 in Short Blades
  4111 | D:5      | Reached * piety under Dithmenos
  4299 | D:5      | Killed Eustachio
  4300 | D:5      | Reached skill level 6 in Short Blades
  4395 | D:5      | Found an iron altar of Okawaru.
  4407 | D:5      | Gained mutation: A meltable shield of frost defends you.
                  | (SH +4) [demonic ancestry]
  4407 | D:5      | Reached XP level 8. HP: 52/60 MP: 6/8
  4964 | D:6      | Reached skill level 7 in Short Blades
  4964 | D:6      | Splashed by a jelly's acid

Illustrated notes

Levels and vault maps discovered:
D:1:      shiori_arrival_elements, layout_loops_ring
D:2:      layout_loops_cross, shapermc_ecumenical_altar_mp_vishouse,
          uniq_sigmund
D:3:      layout_rooms, nicolae_overflow_hidden_temple,
          cheibrodos_ashenzari_chains, serial_shops, shop
D:4:      layout_loops_cross, temple_statues, serial_shops, shop, st_stairs_10,
          uniq_duvessa, uniq_grinder
D:5:      layout_cave_pools, okawaru_ov_weapons_minmay, uniq_eustachio
D:6:      layout_rooms, nicolae_overflow_two_pavilions
Temple:   nicolae_temple_bog_church

Skill      XL: |  1  2  3  4  5  6  7  8 |
---------------+-------------------------+-----
Stealth        | 1 2 4 6 |  6.0
Short Blades   | 3 4 6 7 |  7.1
Fighting       | 3 4 |  4.0
Throwing       | |  1.7
Dodging        | |  2.6

Action                   |  1- 3 |  4- 6 |  7- 9 || total
-------------------------+-------+-------+-------++-------
Melee: Dagger            |    66 |    93 |    98 ||   257
       Rapier            |     3 |       |       ||     3
       Touch             |    10 |    15 |    17 ||    42
       Punch             |       |     5 |     1 ||     6
 Fire: Sling             |     4 |       |       ||     4
Throw: Throwing net      |     1 |     2 |       ||     3
       Dart              |       |     2 |       ||     2
  Use: Potion            |     1 |       |     2 ||     3
       Scroll            |       |     3 |     5 ||     8
 Stab: Sleeping          |     3 |     2 |     3 ||     8
       Held in net/web   |       |     1 |       ||     1
       Distracted        |       |       |     1 ||     1
Armor: Leather armour    |    29 |    25 |    13 ||    67
Dodge: Dodged            |    49 |    49 |    64 ||   162
Block: Other             |       |       |     2 ||     2

Table legend: (Time is in decaauts)
 A = Elapsed time spent in this place.
 B = Non-inter-level travel time spent in this place.
 C = Inter-level travel time spent in this place.
 D = Time resting spent in this place.
 E = Time spent auto-exploring this place.
 F = Levels seen in this place.
 G = Mean time per level.
                   A        B        C        D        E       F      G
               +--------+--------+--------+--------+--------+-----+--------+
         Total |   4943 |   4787 |    156 |   1144 |   2955 |   7 |  706.1 |
       Dungeon |   4744 |   4631 |    113 |   1144 |   2811 |   6 |  790.7 |
        Temple |    198 |    156 |     42 |      0 |    144 |   1 |  198.0 |
               +--------+--------+--------+--------+--------+-----+--------+

Top non-repeatable levels by time:
     D:4: 1805 daAuts
     D:5: 983 daAuts
     D:3: 794 daAuts
     D:1: 700 daAuts
     D:2: 424 daAuts
  Temple: 198 daAuts
     D:6: 35 daAuts
